 Dungeon Crawl Stone Soup version 0.29.0-11-gd7f09526c8 (webtiles) character file.

Game seed: 8055181064992251068

3742 Arum the Blocker (level 10, -1/82 HPs)
             Began as a Formicid Fighter on Sept 2, 2022.
             Was a Priest of Trog.
             Slain by a howler monkey (6 damage)
             ... on level 8 of the Dungeon.
             The game lasted 00:08:42 (5889 turns).

Arum the Blocker (Formicid Fighter)                 Turns: 5889, Time: 00:08:42

Health: -1/82      AC:  4    Str: 26    XL:     10   Next: 37%
Magic:  10/10      EV:  9    Int:  7    God:    Trog [***...]
Gold:   556        SH: 11    Dex: 13    Spells: 9/9 levels left

rFire   . . .      SeeInvis +   a - +0 war axe
rCold   . . .      Faith    .   H - +0 kite shield
rNeg    + + .      Spirit   .   t - +4 scale mail of Happy Babbling {+Blink Will+ Slay+3}
rPois   .          Reflect  .   (helmet unavailable)
rElec   .          Harm     .   k - scarf {shadows}
rCorr   .          Rampage  .   (no gloves)
Will    ++++.                   (no boots)
Stlth   ..........              D - amulet of regeneration
HPRegen 2.03/turn               O - ring of positive energy
MPRegen 0.12/turn               P - ring of positive energy

@: strong-willed, corroded, regenerating
A: permanent stasis, dig shafts and tunnels, antennae 3, four strong arms
a: Dig, Shaft Self, Renounce Religion, Trog's Hand


You were on level 8 of the Dungeon.
You worshipped Trog.
Trog was most pleased with you.
You visited 1 branch of the dungeon, and saw 8 of its levels.

You collected 556 gold pieces.

Inventory:

Hand Weapons
 a - a +0 war axe (weapon)
Missiles
 C - a throwing net
Armour
 k - a scarf of shadows (worn)
 t - the +4 scale mail of Happy Babbling (worn) {+Blink Will+ Slay+3}
   (You found it on level 3 of the Dungeon)

   Slay:      It affects your accuracy & damage with ranged weapons and melee
   (+3).
   +Blink:    It lets you blink.
   Will:      It increases your willpower.
 u - a +0 tower shield
 H - a +0 kite shield (worn)
Jewellery
 r - a ring of fire
 D - an amulet of regeneration (around neck)
 O - a ring of positive energy (left hand)
 P - a ring of positive energy (right hand)
Wands
 w - a wand of flame (40)
 E - a wand of roots (3)
 K - a wand of light (8)
 L - a wand of polymorph (8)
Scrolls
 e - a scroll of torment {unknown}
 f - a scroll of enchant weapon {unknown}
 i - 4 scrolls of magic mapping {unknown}
 m - a scroll of poison {unknown}
 n - 9 scrolls of identify {unknown}
 o - 3 scrolls of butterflies {unknown}
 q - a scroll of acquirement {unknown}
 s - 2 scrolls of amnesia {unknown}
 v - 2 scrolls of immolation {unknown}
 x - a scroll of enchant armour {unknown}
 y - 4 scrolls of teleportation {unknown}
 z - a scroll of brand weapon {unknown}
 F - a scroll of noise {unknown}
 I - a scroll of vulnerability {unknown}
Potions
 b - 2 potions of cancellation {unknown}
 c - a potion of degeneration {unknown}
 d - a potion of might
 g - 3 potions of attraction {unknown}
 h - a potion of heal wounds {unknown}
 j - a potion of berserk rage {unknown}
 l - 4 potions of curing {unknown}
 p - 4 potions of brilliance {unknown}
 A - a potion of haste {unknown}
 B - a potion of magic {unknown}
 G - a potion of invisibility {unknown}
 J - a potion of flight {unknown}
 M - a potion of lignification {unknown}
 N - a potion of mutation {unknown}
 Q - a potion of ambrosia {unknown}


   Skills:
 + Level 8.6 Fighting
 + Level 7.4 Axes
 + Level 8.6 Armour
 + Level 9.9 Shields


You had 9 spell levels left.
You didn't know any spells.
Your spell library was empty.

Dungeon Overview and Level Annotations

Branches:
Dungeon (8/15)             Temple (0/1) D:4
   Lair: D:8-11

Altars:
Gozag
Sif Muna
Trog
Uskayaw
Vehumet
Xom
Zin

Shops:
D:8 =


Innate Abilities, Weirdness & Mutations

You cannot be hasted, slowed, berserked, paralysed or teleported.
You can dig through walls and to a lower floor.
You have a pair of large antennae on your head. (SInv)
Your four strong arms can wield two-handed weapons with a shield.


Message History

You completely miss the acid dragon.
The acid dragon is heavily wounded.
You barely miss the howler monkey. You closely miss the howler monkey.
The howler monkey barely misses you. You block the howler monkey's attack.
The acid dragon spits acid at you. You block the splash of acid.
Unknown command.
You slash the acid dragon!
The acid dragon is severely wounded.
You closely miss the howler monkey. You slash the howler monkey!
You kill the howler monkey!
Trog accepts your kill.
The howler monkey hoots and howls with incredible vigour!
A howler monkey comes into view.
You block the acid dragon's attack.
The acid dragon claws you but does no damage.
You block the howler monkey's attack.
You hit the acid dragon.
The acid dragon is severely wounded.
You slash the howler monkey! The acid dragon misses you.
The acid dragon claws you but does no damage.
The howler monkey hits you.
Unknown command.
You hit the acid dragon but do no damage.
The acid dragon is severely wounded.
You hit the howler monkey but do no damage.
You block the howler monkey's attack. The acid dragon spits acid at you.
The splash of acid hits you!!
* * * LOW HITPOINT WARNING * * *
The howler monkey hoots and howls with incredible vigour!
You block the howler monkey's attack. The acid dragon spits acid at you.
The splash of acid hits you!
* * * LOW HITPOINT WARNING * * *
The acid corrodes you!
You barely miss the acid dragon.
The acid dragon is severely wounded.
You barely miss the howler monkey. The howler monkey hits you.
You die...

................
############....
#..h #.###
####'#### #.#
#....... #.#
#...h.. #.#
#.....##### #.#
#...†h'...# #.#
#..D@.###.#######.#
#.....# #.#.......#
#.....# #.....#####
#....!# #.....#
####### #.....#
#.....#######
+............
#..~~~....#..
#..~≈~.....#.


You could see an acid dragon (catching breath) and 2 howler monkeys.

Vanquished Creatures
  Pikel (D:4)
  Maurice (D:8)
  Maggie (D:7)
  Grinder (D:3)
  A steam dragon (D:7)
  A water moccasin (D:8)
  5 ice beasts
  A sky beast (D:5)
  2 ogres
  2 centaurs
  A kobold brigand (D:7)
  A bullfrog (D:6)
  A gnoll sergeant (D:7)
  2 scorpions
  2 howler monkeys
  4 hounds
  5 orc priests
  4 jellies
  3 gnoll boudas
  3 iguanas
  Ijyb (D:5)
  2 orc wizards
  18 gnolls
  3 adders
  5 white imps
  3 worms
  5 dart slugs
  18 orcs
  5 bats
  9 endoplasms
  A giant cockroach (D:3)
  7 goblins
  9 hobgoblins
  3 jackals (D:2)
  9 kobolds
  2 quokkas
  4 ball pythons
  A frilled lizard (D:2)
  5 rats
152 creatures vanquished.

Notes
Turn   | Place    | Note
-------+----------+-------------------------------------------
     0 | D:1      | Arum the Formicid Fighter began the quest for the Orb.
     0 | D:1      | Reached XP level 1. HP: 18/18 MP: 1/1
   163 | D:1      | Reached XP level 2. HP: 20/24 MP: 2/2
   457 | D:1      | Found a faded altar of an unknown god.
   471 | D:1      | Prayed at the altar of an unknown god.
   471 | D:1      | Became a worshipper of Trog the Wrathful
   471 | D:1      | Reached * piety under Trog
   504 | D:1      | Reached XP level 3. HP: 30/30 MP: 3/3
  1231 | D:2      | Reached XP level 4. HP: 37/37 MP: 4/4
  1381 | D:3      | Identified the +4 scale mail of Happy Babbling {+Blink
                  | Will+ Slay+3}
  1517 | D:3      | Found a radiant altar of Vehumet.
  2008 | D:3      | Noticed Grinder
  2023 | D:3      | Killed Grinder
  2023 | D:3      | Reached ** piety under Trog
  2024 | D:3      | Reached skill level 5 in Shields
  2024 | D:3      | Reached XP level 5. HP: 19/43 MP: 5/5
  2024 | D:3      | Reached XP level 6. HP: 23/50 MP: 6/6
  2430 | D:4      | Noticed Pikel
  2447 | D:4      | Killed Pikel
  2448 | D:4      | Reached skill level 5 in Fighting
  2448 | D:4      | Reached skill level 5 in Armour
  2448 | D:4      | Reached skill level 6 in Shields
  2448 | D:4      | Reached XP level 7. HP: 40/57 MP: 7/7
  2448 | D:4      | Reached XP level 8. HP: 45/64 MP: 8/8
  2805 | D:4      | Found a staircase to the Ecumenical Temple.
  3023 | D:4      | Reached skill level 5 in Axes
  3237 | D:5      | Entered Level 5 of the Dungeon
  3301 | D:5      | Reached skill level 7 in Shields
  3557 | D:5      | Found a shimmering altar of Xom.
  3925 | D:5      | Found a shimmering blue altar of Sif Muna.
  3935 | D:5      | Noticed Ijyb
  3942 | D:5      | Killed Ijyb
  3960 | D:5      | Reached XP level 9. HP: 64/71 MP: 9/9
  4595 | D:6      | Reached skill level 8 in Shields
  4615 | D:6      | Found a glowing silver altar of Zin.
  4615 | D:6      | Found a hide-covered altar of Uskayaw.
  4616 | D:6      | Found an opulent altar of Gozag.
  4660 | D:6      | Reached *** piety under Trog
  5192 | D:7      | Noticed Maggie
  5214 | D:7      | Killed Maggie
  5278 | D:7      | Reached skill level 9 in Shields
  5312 | D:7      | Reached XP level 10. HP: 62/80 MP: 10/10
  5735 | D:8      | Noticed Maurice
  5745 | D:8      | Killed Maurice
  5816 | D:8      | Found Cyplussi's Jewellery Shop.
  5824 | D:8      | Reached **** piety under Trog
  5888 | D:8      | HP: 2/82 [acid dragon/splash of acid (10)]
  5889 | D:8      | Slain by a howler monkey

Illustrated notes

Levels and vault maps discovered:
D:1:      dpeg_arrival_rooms_with_view, layout_rooms,
          hellmonk_ecumenical_altar_zigzags, minmay_tetromino_t2
D:2:      layout_rooms
D:3:      layout_loops_ring, vehumet_crystals, minmay_pentangle, uniq_grinder
D:4:      layout_basic, minmay_temple_entry_junction, due_unseen_surprise,
          uniq_pikel
D:5:      layout_basic, mainiacjoe_overflow_brackets, mainiacjoe_overflow_paths,
          uniq_ijyb
D:6:      layout_loops_cross, gammafunk_temple_overflow_claw,
          grunt_decor_mini_mirrors
D:7:      layout_rooms, hex_medium, uniq_maggie
D:8:      layout_basic, serial_shops, nicolae_shop_advertising_works
          [nicolae_subvault_shop_adworks], uniq_maurice

Skill      XL: |  1  2  3  4  5  6  7  8  9 10 |
---------------+-------------------------------+-----
Fighting       | 4 5 6 8 |  8.6
Armour         | 4 5 6 8 |  8.6
Axes           | 3 4 5 6 7 |  7.4
Shields        | 5 6 7 9 |  9.9

Action                   |  1- 3 |  4- 6 |  7- 9 | 10-12 || total
-------------------------+-------+-------+-------+-------++-------
Melee: War axe           |    76 |    65 |   252 |    69 ||   462
Invok: Trog's Hand       |       |       |     2 |     3 ||     5
 Abil: Dig               |       |       |     3 |       ||     3
Armor: Scale mail        |    28 |    31 |    95 |    54 ||   208
Dodge: Dodged            |    37 |    20 |    56 |    34 ||   147
Block: Buckler           |    14 |     3 |       |       ||    17
       Tower shield      |       |    40 |   108 |       ||   148
       Kite shield       |       |       |    67 |    58 ||   125
